Workbook

Sheet ЛСР
R1: Приложение №
R2: к Договору подряда №
B3: ПОДРЯДЧИК: | D3: ЗАКАЗЧИК: | O3: ТЕХНИЧЕСКИЙ ЗАКАЗЧИК:
D4: Генеральный директор | O4: Генеральный директор
D5: ООО "ЭНКО " | O5: ООО "ТЗ ЭНКО"
D6: ___________/Е.В. Низамова | O6: ___________/Е.В. Низамова
D8: Локальный сметный расчет №1
D9: Устройство системы ПС и СОУЭ. ГП-75 секция 1,2,3,4,5,6,7,8
A11: № | B11: Наименование | C11: Марка | D11: Характеристика | E11: Ед. изм. | F11: секция 75.1 | G11: секция 75.2 | H11: секция 75.3 | I11: секция 75.4 | J11: секция 75.5 | K11: секция 75.6 | L11: секция 75.7 | M11: секция 75.8 | N11: Итого | O11: Цена | P11: Сумма | Q11: Примечание | R11: Форма закупа материала
A12: 11 | B12: Внутренние инженерные сети
A13: 11.10. | B13: Система пожарной сигнализации и система оповещения и управления эвакуацией людей при пожаре
A14: 11.10.01 | B14: Прокладка КПП, трубы
A15: 11.10.01.00 | B15: Прокладка КПП, трубы | P15: =P16+P19 -> 0
B16: Работа: | P16: =SUM(P17:P18) -> 0
B17: Прокладка КПП | E17: м | F17: =SUM(F20:F26) -> 11460 | G17: =SUM(G20:G26) -> 9600 | H17: =SUM(H20:H26) -> 12640 | I17: =SUM(I20:I26) -> 10780 | J17: =SUM(J20:J26) -> 10980 | K17: =SUM(K20:K26) -> 14040 | L17: =SUM(L20:L26) -> 9600 | M17: =SUM(M20:M26) -> 8600 | N17: =SUM(F17:M17) -> 87700 | O17: =Работа!O17 -> 0 | P17: =O17*N17 -> 0
B18: Прокладка трубы | E18: м | F18: =SUM(F27:F30) -> 2540 | G18: =SUM(G27:G30) -> 2120 | H18: =SUM(H27:H30) -> 2560 | I18: =SUM(I27:I30) -> 3370 | J18: =SUM(J27:J30) -> 2570 | K18: =SUM(K27:K30) -> 2560 | L18: =SUM(L27:L30) -> 2120 | M18: =SUM(M27:M30) -> 2120 | N18: =SUM(F18:M18) -> 19960 | O18: =Работа!O18 -> 0 | P18: =O18*N18 -> 0
B19: Материалы: | P19: =SUM(P20:P33) -> 0
B20: Огнестойкий кабель | C20: ОКЛ | D20: КПСнг(А)-FRLS 1х2х0,75 | E20: м | F20: 100 | H20: 100 | I20: 100 | J20: 100 | K20: 100 | N20: =SUM(F20:M20) -> 500 | O20: =Материалы!O14 -> 0 | P20: =O20*N20 -> 0
B21: Огнестойкий кабель | C21: ОКЛ | D21: КПСнг(А)-FRLS 1х2х1,0 | E21: м | F21: 2100 | G21: 1800 | H21: 2600 | I21: 2700 | J21: 3200 | K21: 2600 | L21: 1800 | M21: 1800 | N21: =SUM(F21:M21) -> 18600 | O21: =Материалы!O15 -> 0 | P21: =O21*N21 -> 0
B22: Огнестойкий кабель | C22: ОКЛ | D22: КПСнг(А)-FRLS 2х2х0,5 | E22: м | F22: 530 | G22: 400 | H22: 570 | I22: 440 | J22: 440 | K22: 1070 | L22: 400 | M22: 400 | N22: =SUM(F22:M22) -> 4250 | O22: =Материалы!O16 -> 0 | P22: =O22*N22 -> 0
B23: Огнестойкий кабель | C23: ОКЛ | D23: КПСЭнг(А)-FRLS 1х2х0,75 | E23: м | F23: 8300 | G23: 7000 | H23: 8800 | I23: 6300 | J23: 6800 | K23: 8800 | L23: 7000 | M23: 6000 | N23: =SUM(F23:M23) -> 59000 | O23: =Материалы!O17 -> 0 | P23: =O23*N23 -> 0
B24: Огнестойкий силовой (0,66 кВ) кабель | C24: ОКЛ | D24: ВВГнг(А)-FRLS 3х1,5 | E24: м | F24: 430 | G24: 400 | H24: 570 | I24: 440 | J24: 440 | K24: 570 | L24: 400 | M24: 400 | N24: =SUM(F24:M24) -> 3650 | O24: =Материалы!O18 -> 0 | P24: =O24*N24 -> 0
B25: Огнестойкий силовой (0,66 кВ) кабель | C25: ОКЛ | D25: ВВГнг(А)-FRLS 5х1,5 | E25: м | I25: 0 | K25: 100 | N25: =SUM(F25:M25) -> 100 | O25: =Материалы!O19 -> 0 | P25: =O25*N25 -> 0
B26: Огнестойкий кабель для СКС и IP-сетей | C26: ОКЛ | D26: F/UTP Cat5e PVCLS нг(А)-FRLSLTx 2х2х0,52 | E26: м | I26: 800 | K26: 800 | N26: =SUM(F26:M26) -> 1600 | O26: =Материалы!O20 -> 0 | P26: =O26*N26 -> 0
B27: Труба гофрированная 16мм FRHF с зондом легкая | C27: ОКЛ | E27: м | F27: 1000 | G27: 1000 | H27: 1000 | I27: 1000 | J27: 1000 | K27: 1000 | L27: 1000 | M27: 1000 | N27: =SUM(F27:M27) -> 8000 | O27: =Материалы!O21 -> 0 | P27: =O27*N27 -> 0
B28: Труба гофрированная 20мм FRHF с зондом легкая | C28: ОКЛ | E28: м | F28: 1400 | G28: 1000 | H28: 1400 | I28: 2200 | J28: 1400 | K28: 1400 | L28: 1000 | M28: 1000 | N28: =SUM(F28:M28) -> 10800 | O28: =Материалы!O22 -> 0 | P28: =O28*N28 -> 0
B29: Труба гофрированная 25мм FRHF с зондом легкая | C29: ОКЛ | E29: м | I29: 50 | J29: 50 | N29: =SUM(F29:M29) -> 100 | O29: =Материалы!O23 -> 0 | P29: =O29*N29 -> 0
B30: Труба жесткая гладкая, из самозатухающей композиции ПВХ, для ОКЛ | C30: ОКЛ | D30: D=50мм | E30: м | F30: 140 | G30: 120 | H30: 160 | I30: 120 | J30: 120 | K30: 160 | L30: 120 | M30: 120 | N30: =SUM(F30:M30) -> 1060 | O30: =Материалы!O24 -> 0 | P30: =O30*N30 -> 0
B31: Металлорука ф=20мм | C31: ОКЛ | E31: м | F31: 70 | G31: 60 | H31: 150 | I31: 60 | J31: 60 | K31: 150 | L31: 60 | M31: 60 | N31: =SUM(F31:M31) -> 670 | O31: =Материалы!O25 -> 0 | P31: =O31*N31 -> 0 | R31: Закуп подрядчика
B32: Металлорукав в ПВХ изоляции Р3-ЦП-Мр-НГ-20 (50м/уп) Промрукав | C32: ОКЛ | D32: PR04.0167 | E32: м | F32: 400 | G32: 400 | H32: 500 | I32: 400 | J32: 400 | K32: 500 | L32: 400 | M32: 400 | N32: =SUM(F32:M32) -> 3400 | O32: =Материалы!O26 -> 0 | P32: =O32*N32 -> 0 | R32: Закуп подрядчика
B33: ПРОЧИЕ МАТЕРИАЛЫ | P33: =SUM(P34:P42) -> 0
B34: Дюбель металлический | C34: ОКЛ | E34: шт | F34: 6200 | G34: 5000 | H34: 7200 | I34: 8600 | J34: 6200 | K34: 7200 | L34: 5000 | M34: 5000 | N34: =SUM(F34:M34) -> 50400 | O34: =Материалы!O27 -> 0 | P34: =O34*N34 -> 0 | R34: Закуп подрядчика
B35: Дюбель-хомут 041 (уп 100шт) 15х140 КФСТ.735322.041 | C35: ОКЛ | E35: упак | F35: 10 | G35: 10 | H35: 10 | I35: 10 | J35: 10 | K35: 10 | L35: 10 | M35: 10 | N35: =SUM(F35:M35) -> 80 | O35: =Материалы!O28 -> 0 | P35: =O35*N35 -> 0 | R35: Закуп подрядчика
B36: Коробка монтажная огнестойкая | C36: ОКЛ | D36: КМОМ (4к х 2.5мм) 75х75х37 IP31 | E36: шт. | F36: 200 | G36: 200 | H36: 200 | I36: 200 | J36: 200 | K36: 200 | L36: 200 | M36: 200 | N36: =SUM(F36:M36) -> 1600 | O36: =Материалы!O29 -> 0 | P36: =O36*N36 -> 0 | R36: Закуп подрядчика
B37: Огнестойкая пена | C37: ОКЛ | E37: шт | F37: 5 | G37: 5 | H37: 5 | I37: 5 | J37: 5 | K37: 5 | L37: 5 | M37: 5 | N37: =SUM(F37:M37) -> 40 | O37: =Материалы!O30 -> 0 | P37: =O37*N37 -> 0 | R37: Закуп подрядчика
B38: Саморез | C38: ОКЛ | E38: шт | F38: 6200 | G38: 5000 | H38: 7200 | I38: 8600 | J38: 6200 | K38: 7200 | L38: 5000 | M38: 5000 | N38: =SUM(F38:M38) -> 50400 | O38: =Материалы!O31 -> 0 | P38: =O38*N38 -> 0 | R38: Закуп подрядчика
B39: Скоба однолапковая 16мм | C39: ОКЛ | E39: шт | F39: 3000 | G39: 3000 | H39: 3000 | I39: 3000 | J39: 3000 | K39: 3000 | L39: 3000 | M39: 3000 | N39: =SUM(F39:M39) -> 24000 | O39: =Материалы!O32 -> 0 | P39: =O39*N39 -> 0 | R39: Закуп подрядчика
B40: Скоба однолапковая 20мм | C40: ОКЛ | E40: шт | F40: 4200 | G40: 3000 | H40: 4200 | I40: 6600 | J40: 4200 | K40: 4200 | L40: 3000 | M40: 3000 | N40: =SUM(F40:M40) -> 32400 | O40: =Материалы!O33 -> 0 | P40: =O40*N40 -> 0 | R40: Закуп подрядчика
B41: Скоба однолапковая 25мм | C41: ОКЛ | E41: шт | I41: 150 | J41: 150 | N41: =SUM(F41:M41) -> 300 | O41: =Материалы!O34 -> 0 | P41: =O41*N41 -> 0 | R41: Закуп подрядчика
B42: Скоба однолапковая 50мм | C42: ОКЛ | E42: шт | F42: 500 | G42: 500 | H42: 600 | I42: 500 | J42: 500 | K42: 600 | L42: 500 | M42: 500 | N42: =SUM(F42:M42) -> 4200 | O42: =Материалы!O35 -> 0 | P42: =O42*N42 -> 0 | R42: Закуп подрядчика
A43: 11.10.02. | B43: Установка оборудования
A44: 11.10.02.00 | B44: Установка оборудования | P44: =P45+P47 -> 0
B45: Работа: | P45: =SUM(P46:P46) -> 0
B46: Монтажные работы | E46: комплекс | F46: 1 | G46: 1 | H46: 1 | I46: 1 | J46: 1 | K46: 1 | L46: 1 | M46: 1 | N46: =SUM(F46:M46) -> 8 | O46: =Работа!O22 -> 0 | P46: =O46*N46 -> 0
B47: Материалы: | P47: =SUM(P48:P132) -> 0
B48: Аккумуляторная батарея 12В, 12А/ч | C48: ЗАО «Теко» | E48: шт. | F48: 2 | G48: 2 | I48: 4 | J48: 2 | L48: 2 | M48: 2 | N48: =SUM(F48:M48) -> 14 | O48: =Материалы!O36 -> 0 | P48: =O48*N48 -> 0 | R48: Закуп подрядчика
B49: Аккумуляторная батарея 12В, 17А/ч | C49: ЗАО «Теко» | E49: шт. | F49: 2 | G49: 4 | H49: 4 | I49: 6 | J49: 4 | K49: 4 | L49: 4 | M49: 4 | N49: =SUM(F49:M49) -> 32 | O49: =Материалы!O37 -> 0 | P49: =O49*N49 -> 0 | R49: Закуп подрядчика
B50: Аккумуляторная батарея 12В, 26А/ч | C50: ЗАО «Теко» | E50: шт. | G50: 2 | H50: 4 | I50: 2 | J50: 2 | K50: 4 | L50: 2 | M50: 2 | N50: =SUM(F50:M50) -> 18 | O50: =Материалы!O38 -> 0 | P50: =O50*N50 -> 0 | R50: Закуп подрядчика
B51: Аккумуляторная батарея 12В, 40А/ч | C51: ЗАО «Теко» | E51: шт. | F51: 2 | N51: =SUM(F51:M51) -> 2 | O51: =Материалы!O39 -> 0 | P51: =O51*N51 -> 0 | R51: Закуп подрядчика
B52: Аккумуляторная батарея 12В, 4А/ч | C52: ЗАО «Теко» | E52: шт. | F52: 3 | H52: 4 | I52: 2 | J52: 2 | K52: 4 | N52: =SUM(F52:M52) -> 15 | O52: =Материалы!O40 -> 0 | P52: =O52*N52 -> 0 | R52: Закуп подрядчика
B53: Аккумуляторная батарея 12В, 26А/ч | D53: SKAT SB 1226 | E53: шт | F53: 2 | G53: 2 | I53: 2 | J53: 2 | L53: 2 | M53: 2 | N53: =SUM(F53:M53) -> 12 | O53: =Материалы!O41 -> 0 | P53: =O53*N53 -> 0 | R53: Закуп подрядчика
B54: Аккумуляторная батарея 12В, 40А/ч | D54: SKAT SB 1226 | E54: шт | H54: 2 | K54: 2 | N54: =SUM(F54:M54) -> 4 | O54: =Материалы!O42 -> 0 | P54: =O54*N54 -> 0 | R54: Закуп подрядчика
B55: Громкоговоритель трансляционный настенный, 10/5 Вт | C55: ТД «Рубеж» | D55: SWP-110 | E55: шт. | F55: 48 | G55: 40 | H55: 50 | I55: 39 | J55: 39 | K55: 50 | L55: 40 | M55: 36 | N55: =SUM(F55:M55) -> 342 | O55: =Материалы!O43 -> 0 | P55: =O55*N55 -> 0 | R55: Закуп подрядчика
B56: Громкоговоритель трансляционный настенный, 6/3/1,5 Вт | C56: ТД «Рубеж» | D56: SWP-106 | E56: шт. | F56: 47 | G56: 39 | H56: 49 | I56: 39 | J56: 39 | K56: 49 | L56: 39 | M56: 35 | N56: =SUM(F56:M56) -> 336 | O56: =Материалы!O44 -> 0 | P56: =O56*N56 -> 0 | R56: Закуп подрядчика
B57: Извещатель охранный магнитоуправляемый адресный | C57: ТД «Рубеж» | D57: ИО 10220-2 | E57: шт. | F57: 46 | G57: 38 | H57: 48 | I57: 38 | J57: 38 | K57: 48 | L57: 38 | M57: 36 | N57: =SUM(F57:M57) -> 330 | O57: =Материалы!O45 -> 0 | P57: =O57*N57 -> 0 | R57: Закуп подрядчика
B58: Извещатель пожарный дымовой оптико-электронный адресно-аналоговый | C58: ТД «Рубеж» | D58: ИП 212-64-R3 W1.02 | E58: шт. | F58: 794 | G58: 661 | H58: 817 | I58: 494 | J58: 494 | K58: 702 | L58: 660 | M58: 589 | N58: =SUM(F58:M58) -> 5211 | O58: =Материалы!O46 -> 0 | P58: =O58*N58 -> 0 | R58: Закуп подрядчика
B59: Извещатель пожарный ручной адресный | C59: ТД «Рубеж» | D59: ИПР 513-11ИКЗ-А-R3 | E59: шт. | F59: 54 | G59: 41 | H59: 56 | I59: 45 | J59: 45 | K59: 57 | L59: 41 | M59: 39 | N59: =SUM(F59:M59) -> 378 | O59: =Материалы!O47 -> 0 | P59: =O59*N59 -> 0 | R59: Закуп подрядчика
B60: Устройство дистанционного пуска адресное | C60: ООО Рубеж | D60: УДП 513-11 ИКЗ-R3 "Пуск дымоудаления" | E60: шт. | F60: 24 | G60: 38 | H60: 47 | I60: 19 | J60: 19 | K60: 47 | L60: 37 | M60: 35 | N60: =SUM(F60:M60) -> 266 | O60: =Материалы!O48 -> 0 | P60: =O60*N60 -> 0 | R60: Закуп подрядчика
B61: Устройство дистанционного пуска адресное | C61: ООО Рубеж | D61: УДП 513-11 ИКЗ-R3 "Пуск пожаротушения" | E61: шт. | F61: 27 | G61: 38 | H61: 51 | I61: 21 | J61: 21 | K61: 51 | L61: 37 | M61: 35 | N61: =SUM(F61:M61) -> 281 | O61: =Материалы!O49 -> 0 | P61: =O61*N61 -> 0 | R61: Закуп подрядчика
B62: Бокс БР12 исп. 2x40 с АКБ 2х26 | C62: ТД «Рубеж» | E62: шт. | G62: 1 | H62: 2 | I62: 1 | J62: 1 | K62: 2 | L62: 1 | M62: 1 | N62: =SUM(F62:M62) -> 9 | O62: =Материалы!O50 -> 0 | P62: =O62*N62 -> 0 | R62: Закуп подрядчика
B63: Бокс БР12 исп. 2х17 | C63: ТД «Рубеж» | E63: шт. | G63: 1 | I63: 2 | J63: 1 | L63: 1 | M63: 1 | N63: =SUM(F63:M63) -> 6 | O63: =Материалы!O51 -> 0 | P63: =O63*N63 -> 0 | R63: Закуп подрядчика
B64: Бокс БР12 исп. 2х40 | C64: ТД «Рубеж» | E64: шт. | F64: 1 | N64: =SUM(F64:M64) -> 1 | O64: =Материалы!O52 -> 0 | P64: =O64*N64 -> 0 | R64: Закуп подрядчика
B65: Бокс под 2 АКБ 12В 40Ач | C65: ТД «Рубеж» | D65: Sonar SPM-Box | E65: шт. | F65: 1 | G65: 1 | H65: 1 | I65: 1 | J65: 1 | K65: 1 | L65: 1 | M65: 1 | N65: =SUM(F65:M65) -> 8 | O65: =Материалы!O53 -> 0 | P65: =O65*N65 -> 0 | R65: Закуп подрядчика
B66: Автономный дымовой пожарный извещатель | C66: ТД «Рубеж» | D66: ИП 212-50М2 | E66: шт. | F66: 670 | G66: 553 | H66: 684 | I66: 430 | J66: 430 | K66: 684 | L66: 562 | M66: 502 | N66: =SUM(F66:M66) -> 4515 | O66: =Материалы!O54 -> 0 | P66: =O66*N66 -> 0 | R66: Закуп подрядчика
B67: Адресная метка | C67: ТД «Рубеж» | D67: АМ-1 прот.R3 | E67: шт. | F67: 1 | G67: 1 | H67: 1 | I67: 1 | J67: 1 | K67: 1 | L67: 1 | M67: 1 | N67: =SUM(F67:M67) -> 8 | O67: =Материалы!O55 -> 0 | P67: =O67*N67 -> 0 | R67: Закуп подрядчика
B68: Адресная метка | C68: ТД «Рубеж» | D68: АМ-1-R3 | E68: шт. | F68: 3 | H68: 4 | I68: 2 | J68: 2 | K68: 4 | N68: =SUM(F68:M68) -> 15 | O68: =Материалы!O56 -> 0 | P68: =O68*N68 -> 0 | R68: Закуп подрядчика
B69: Адресная метка | C69: ТД «Рубеж» | D69: АМ-4 прот.R3 | E69: шт. | F69: 2 | K69: 9 | N69: =SUM(F69:M69) -> 11 | O69: =Материалы!O57 -> 0 | P69: =O69*N69 -> 0 | R69: Закуп подрядчика
B70: Блок индикации и управления | C70: ТД «Рубеж» | D70: R3-Рубеж-БИУ | E70: шт. | F70: 2 | G70: 2 | H70: 2 | I70: 3 | J70: 2 | K70: 2 | L70: 2 | M70: 2 | N70: =SUM(F70:M70) -> 17 | O70: =Материалы!O58 -> 0 | P70: =O70*N70 -> 0 | R70: Закуп подрядчика
B71: Знак-наклейка светонакопительный (люминесцентный) "Кнопка включения установок (систем) | C71: ГОСТ Р 12.2.143-2009 | D71: пожарной автоматики" | E71: шт. | F71: 46 | G71: 38 | H71: 47 | I71: 18 | J71: 18 | K71: 47 | L71: 38 | M71: 34 | N71: =SUM(F71:M71) -> 286 | O71: =Материалы!O59 -> 0 | P71: =O71*N71 -> 0 | R71: Закуп подрядчика
B72: Знак-наклейка светонакопительный (люминесцентный) "ПОЖАРНЫЙ ГИДРАНТ" | C72: ГОСТ Р 12.2.143-2009 | E72: шт. | F72: 49 | G72: 38 | H72: 51 | I72: 20 | J72: 20 | K72: 51 | L72: 38 | M72: 34 | N72: =SUM(F72:M72) -> 301 | O72: =Материалы!O60 -> 0 | P72: =O72*N72 -> 0 | R72: Закуп подрядчика
B73: Изолятор линии униполярный | C73: ТД «Рубеж» | D73: Рубеж ИЗ-1 прот.R3 | E73: шт. | F73: 193 | G73: 181 | H73: 221 | I73: 102 | J73: 102 | K73: 222 | L73: 179 | M73: 168 | N73: =SUM(F73:M73) -> 1368 | O73: =Материалы!O61 -> 0 | P73: =O73*N73 -> 0 | R73: Закуп подрядчика
B74: Источник вторичного электропитания резервированный | C74: ТД «Рубеж» | D74: ИВЭПР 12/1.2 исп. 1х4 | E74: шт. | F74: 3 | H74: 4 | I74: 2 | J74: 2 | K74: 4 | N74: =SUM(F74:M74) -> 15 | O74: =Материалы!O62 -> 0 | P74: =O74*N74 -> 0 | R74: Закуп подрядчика
B75: Источник вторичного электропитания резервированный | C75: ТД «Рубеж» | D75: ИВЭПР 12/2 RS-R3 2х17 БР | E75: шт. | F75: 1 | N75: =SUM(F75:M75) -> 1 | O75: =Материалы!O63 -> 0 | P75: =O75*N75 -> 0 | R75: Закуп подрядчика
B76: Источник вторичного электропитания резервированный | C76: ТД «Рубеж» | D76: ИВЭПР 12/2 исп. 2х12-P-БР | E76: шт. | G76: 1 | I76: 2 | J76: 1 | L76: 1 | M76: 1 | N76: =SUM(F76:M76) -> 6 | O76: =Материалы!O64 -> 0 | P76: =O76*N76 -> 0 | R76: Закуп подрядчика
B77: Источник вторичного электропитания резервированный | C77: ТД «Рубеж» | D77: ИВЭПР 12/3,5 RS-R3 2х12 БР | E77: шт. | F77: 1 | N77: =SUM(F77:M77) -> 1 | O77: =Материалы!O65 -> 0 | P77: =O77*N77 -> 0 | R77: Закуп подрядчика
B78: Источник вторичного электропитания резервированный | C78: ТД «Рубеж» | D78: ИВЭПР 12/3.5 исп. 2х17-Р-БР | E78: шт. | G78: 1 | H78: 2 | I78: 1 | J78: 1 | K78: 2 | L78: 1 | M78: 1 | N78: =SUM(F78:M78) -> 9 | O78: =Материалы!O66 -> 0 | P78: =O78*N78 -> 0 | R78: Закуп подрядчика
B79: Канальный датчик температуры | D79: NTC10 кОм | E79: шт. | F79: 1 | G79: 1 | H79: 1 | I79: 1 | J79: 1 | K79: 1 | L79: 1 | M79: 1 | N79: =SUM(F79:M79) -> 8 | O79: =Материалы!O67 -> 0 | P79: =O79*N79 -> 0 | R79: Закуп подрядчика
B80: Кожух для моноблоков серии SPM настенного исполнения | C80: ТД «Рубеж» | D80: Sonar SPM-Cover | E80: шт. | F80: 1 | G80: 1 | H80: 1 | I80: 1 | J80: 1 | K80: 1 | L80: 1 | M80: 1 | N80: =SUM(F80:M80) -> 8 | O80: =Материалы!O68 -> 0 | P80: =O80*N80 -> 0 | R80: Закуп подрядчика
B81: Модуль сопряжения | C81: ТД «Рубеж» | D81: R3-МС | E81: шт. | F81: 1 | G81: 1 | H81: 1 | I81: 1 | J81: 1 | K81: 1 | L81: 1 | M81: 1 | N81: =SUM(F81:M81) -> 8 | O81: =Материалы!O69 -> 0 | P81: =O81*N81 -> 0 | R81: Закуп подрядчика
B82: Модуль сопряжения преобразователь интерфейса | C82: ТД «Рубеж» | D82: МС-E | E82: шт. | H82: 1 | K82: 1 | N82: =SUM(F82:M82) -> 2 | O82: =Материалы!O70 -> 0 | P82: =O82*N82 -> 0 | R82: Закуп подрядчика
B83: Модуль управления клапаном дымоудаления или огнезадерживающим клапаном | C83: ТД «Рубеж» | D83: МДУ-1 прот.R3 | E83: шт. | F83: 8 | H83: 6 | I83: 4 | J83: 4 | K83: 7 | N83: =SUM(F83:M83) -> 29 | O83: =Материалы!O71 -> 0 | P83: =O83*N83 -> 0 | R83: Закуп подрядчика
B84: Модуль управления клапаном дымоудаления или огнезадерживающим клапаном | C84: ТД «Рубеж» | D84: МДУ-1С-R3 | E84: шт. | F84: 160 | G84: 133 | H84: 166 | I84: 134 | J84: 134 | K84: 191 | L84: 132 | M84: 119 | N84: =SUM(F84:M84) -> 1169 | O84: =Материалы!O72 -> 0 | P84: =O84*N84 -> 0 | R84: Закуп подрядчика
B85: Моноблок системы оповещения 500Вт | C85: ТД «Рубеж» | D85: Sonar SPM-B10050-AW | E85: шт. | F85: 1 | G85: 1 | H85: 1 | I85: 1 | J85: 1 | K85: 1 | L85: 1 | M85: 1 | N85: =SUM(F85:M85) -> 8 | O85: =Материалы!O73 -> 0 | P85: =O85*N85 -> 0 | R85: Закуп подрядчика
B86: Оповещатель охранно-пожарный звуковой | C86: ТД «Рубеж» | D86: ОПОП 2-35 12В (сирена) | E86: шт. | F86: 8 | G86: 6 | H86: 12 | I86: 8 | J86: 8 | K86: 12 | L86: 6 | M86: 3 | N86: =SUM(F86:M86) -> 63 | O86: =Материалы!O74 -> 0 | P86: =O86*N86 -> 0 | R86: Закуп подрядчика
B87: Оповещатель охранно-пожарный световой "ВЫХОД" | C87: ТД «Рубеж» | D87: ОПОП 1-R3 | E87: шт. | F87: 52 | G87: 40 | H87: 55 | I87: 42 | J87: 42 | K87: 56 | L87: 40 | M87: 38 | N87: =SUM(F87:M87) -> 365 | O87: =Материалы!O75 -> 0 | P87: =O87*N87 -> 0 | R87: Закуп подрядчика
B88: Оповещатель охранно-пожарный световой "СТРЕЛКА" | C88: ТД «Рубеж» | D88: ОПОП 1-R3 | E88: шт. | F88: 23 | G88: 19 | H88: 24 | I88: 18 | J88: 18 | K88: 24 | L88: 19 | M88: 18 | N88: =SUM(F88:M88) -> 163 | O88: =Материалы!O76 -> 0 | P88: =O88*N88 -> 0 | R88: Закуп подрядчика
B89: Прибор приемно-контрольный и управления охранно-пожарный адреcный | C89: ТД «Рубеж» | D89: ППКОПУ «R3-РУБЕЖ-2ОП» | E89: шт. | F89: 3 | G89: 3 | H89: 4 | I89: 4 | J89: 3 | K89: 4 | L89: 3 | M89: 3 | N89: =SUM(F89:M89) -> 27 | O89: =Материалы!O77 -> 0 | P89: =O89*N89 -> 0 | R89: Закуп подрядчика
B90: Реле контроля температуры с датчиком РЕЛЕОН жк дисплей 1NO конт. 16а=24-240в A RC3110240 | D90: 1 | E90: шт. | F90: 1 | G90: 1 | H90: 1 | I90: 1 | J90: 1 | K90: 1 | L90: 1 | M90: 1 | N90: =SUM(F90:M90) -> 8 | O90: =Материалы!O78 -> 0 | P90: =O90*N90 -> 0 | R90: Закуп подрядчика
B91: Релейный модуль | C91: ТД «Рубеж» | D91: РМ-1 прот.R3 | E91: шт. | F91: 7 | G91: 6 | H91: 7 | I91: 6 | J91: 6 | K91: 7 | L91: 6 | M91: 6 | N91: =SUM(F91:M91) -> 51 | O91: =Материалы!O79 -> 0 | P91: =O91*N91 -> 0 | R91: Закуп подрядчика
B92: Релейный модуль с контролем целостности линий | C92: ТД «Рубеж» | D92: РМ-4К прот.R3 | E92: шт. | F92: 4 | G92: 1 | H92: 5 | I92: 3 | J92: 3 | K92: 5 | L92: 1 | M92: 1 | N92: =SUM(F92:M92) -> 23 | O92: =Материалы!O80 -> 0 | P92: =O92*N92 -> 0 | R92: Закуп подрядчика
B93: Устройство коммутационное | C93: Радий | D93: УК-ВК/03 | E93: шт. | F93: 1 | G93: 1 | H93: 1 | I93: 1 | J93: 1 | K93: 3 | L93: 1 | M93: 1 | N93: =SUM(F93:M93) -> 10 | O93: =Материалы!O81 -> 0 | P93: =O93*N93 -> 0 | R93: Закуп подрядчика
B94: Фильтр оконечный для трансл. линии при контроле линии переменным током | C94: ТД «Рубеж» | D94: Sonar SFT-2300-М | E94: шт. | F94: 6 | G94: 5 | H94: 6 | I94: 5 | J94: 5 | K94: 6 | L94: 5 | M94: 6 | N94: =SUM(F94:M94) -> 44 | O94: =Материалы!O82 -> 0 | P94: =O94*N94 -> 0 | R94: Закуп подрядчика
B95: Шкаф управления задвижкой | C95: ТД «Рубеж» | D95: ШУЗ-1.1-01- R3 IP54 | E95: шт. | K95: 2 | N95: =SUM(F95:M95) -> 2 | O95: =Материалы!O83 -> 0 | P95: =O95*N95 -> 0 | R95: Закуп подрядчика
B96: Шкаф управления пожарный | C96: ТД «Рубеж» | D96: ШУВ-11-03-R3 | E96: шт. | J96: 1 | N96: 1 | O96: =Материалы!O84 -> 0 | P96: =O96*N96 -> 0 | Q96: ВД-5.1 | R96: Закуп подрядчика
B97: Шкаф управления пожарный | C97: ТД «Рубеж» | D97: ШУВ-11-03-R3 | E97: шт. | L97: 1 | N97: 1 | O97: =Материалы!O85 -> 0 | P97: =O97*N97 -> 0 | Q97: ВД-7.1 | R97: Закуп подрядчика
B98: Шкаф управления пожарный | C98: ТД «Рубеж» | D98: ШУВ-11-03-R3 | E98: шт. | N98: 1 | O98: =Материалы!O86 -> 0 | P98: =O98*N98 -> 0 | Q98: ДВ1/В1 | R98: Закуп подрядчика
B99: Шкаф управления пожарный | C99: ТД «Рубеж» | D99: ШУВ-11-03-R3 | E99: шт. | N99: 1 | O99: =Материалы!O87 -> 0 | P99: =O99*N99 -> 0 | Q99: ДВ2/В2 | R99: Закуп подрядчика
B100: Шкаф управления пожарный | C100: ТД «Рубеж» | D100: ШУВ-11-03-R3 | E100: шт. | F100: 2 | N100: 2 | O100: =Материалы!O88 -> 0 | P100: =O100*N100 -> 0 | Q100: ПД-1.4.1, ПД-1.3 | R100: Закуп подрядчика
B101: Шкаф управления пожарный | C101: ТД «Рубеж» | D101: ШУВ-11-03-R3 | E101: шт. | G101: 2 | N101: 2 | O101: =Материалы!O89 -> 0 | P101: =O101*N101 -> 0 | Q101: ПД-2.4.1, ПД-2.3 | R101: Закуп подрядчика
B102: Шкаф управления пожарный | C102: ТД «Рубеж» | D102: ШУВ-11-03-R3 | E102: шт. | H102: 2 | N102: 2 | O102: =Материалы!O90 -> 0 | P102: =O102*N102 -> 0 | Q102: ПД-3.4.1, ПД-3.3 | R102: Закуп подрядчика
...

Sheet Работа
R1: Приложение №
R2: к Договору подряда №
B3: ПОДРЯДЧИК: | D3: ЗАКАЗЧИК: | O3: ТЕХНИЧЕСКИЙ ЗАКАЗЧИК:
D4: Генеральный директор | O4: Генеральный директор
D5: ООО "ЭНКО " | O5: ООО "ТЗ ЭНКО"
D6: ___________/Е.В. Низамова | O6: ___________/Е.В. Низамова
D8: Ведомость работ
D9: Устройство системы ПС и СОУЭ. ГП-75 секция 1,2,3,4,5,6,7,8
A11: № | B11: Наименование | C11: Марка | D11: Характеристика | E11: Ед. изм. | F11: секция 75.1 | G11: секция 75.2 | H11: секция 75.3 | I11: секция 75.4 | J11: секция 75.5 | K11: секция 75.6 | L11: секция 75.7 | M11: секция 75.8 | N11: Итого | O11: Цена | P11: Сумма | Q11: Примечание | R11: Форма закупа материала
A12: 11 | B12: Внутренние инженерные сети
A13: 11.10. | B13: Система пожарной сигнализации и система оповещения и управления эвакуацией людей при пожаре
A14: 11.10.01 | B14: Прокладка КПП, трубы
A15: 11.10.01.00 | B15: Прокладка КПП, трубы
B16: Работа: | P16: =SUM(P17:P18) -> 0
B17: Прокладка КПП | E17: м | F17: 11460 | G17: 9600 | H17: 12640 | I17: 10780 | J17: 10980 | K17: 14040 | L17: 9600 | M17: 8600 | N17: =SUM(F17:M17) -> 87700 | P17: =O17*N17 -> 0
B18: Прокладка трубы | E18: м | F18: 2540 | G18: 2120 | H18: 2560 | I18: 3370 | J18: 2570 | K18: 2560 | L18: 2120 | M18: 2120 | N18: =SUM(F18:M18) -> 19960 | P18: =O18*N18 -> 0
A19: 11.10.02. | B19: Установка оборудования
A20: 11.10.02.00 | B20: Установка оборудования
B21: Работа: | P21: =SUM(P22:P22) -> 0
B22: Монтажные работы | E22: комплекс | F22: 1 | G22: 1 | H22: 1 | I22: 1 | J22: 1 | K22: 1 | L22: 1 | M22: 1 | N22: =SUM(F22:M22) -> 8 | P22: =O22*N22 -> 0
A23: 11.10.03. | B23: ПНР
A24: 11.10.03.00 | B24: ПНР
B25: Работа: | P25: =SUM(P26:P26) -> 0
B26: Пусконаладочные работы | E26: комплекс | F26: 1 | G26: 1 | H26: 1 | I26: 1 | J26: 1 | K26: 1 | L26: 1 | M26: 1 | N26: =SUM(F26:M26) -> 8 | P26: =O26*N26 -> 0
B27: Итого по работам | P27: =P26+P22+P18+P17 -> 0
B29: Примечание:
A30: - | B30: В случае, если один из перечисленных прочих материалов не был использован по факту при производстве работ, заказчик вправе откорректировать процент расходных материалов в актах выполненных работ (формы КС-2, КС-3), уменьшив на сумму исключенного материала.
A31: - | B31: Стоимость СМР учитывает - затраты на все второстепенные материалы и работы необходимые для осуществления полного комплекса работ, включая затраты: обеспечение технической водой для производства работ и бытовых целей; на мобилизацию, аренду и эксплуатацию всех необходимых механизмов, оборудования и инструментов, бытовых помещений и биотуалетов; на подъем материалов и разноску по этажам к местам производства работ; выполнение сопутствующих работ; вывоз мусора; накладные расходы, прибыль организации, налоги и иные издержки Подрядчика. Обеспечение безопасного производства работ на участке.
A32: - | B32: Стоимость материалов учитывает стоимость доставки.
A33: - | B33: В случае изменения системы налогообложения, риски увеличения стоимости договора относятся на сторону, чья система налогообложения изменяется.

Sheet Материалы
R1: Приложение №
R2: к Договору подряда №
B3: ПОДРЯДЧИК: | D3: ЗАКАЗЧИК: | O3: ТЕХНИЧЕСКИЙ ЗАКАЗЧИК:
D4: Генеральный директор | O4: Генеральный директор
D5: ООО "ЭНКО " | O5: ООО "ТЗ ЭНКО"
D6: ___________/Е.В. Низамова | O6: ___________/Е.В. Низамова
D8: Ведомость материалов
D9: Устройство системы ПС и СОУЭ. ГП-75 секция 1,2,3,4,5,6,7,8
A11: № | B11: Наименование | C11: Марка | D11: Характеристика | E11: Ед. изм. | F11: секция 75.1 | G11: секция 75.2 | H11: секция 75.3 | I11: секция 75.4 | J11: секция 75.5 | K11: секция 75.6 | L11: секция 75.7 | M11: секция 75.8 | N11: Итого | O11: Цена | P11: Сумма | Q11: Примечание | R11: Форма закупа материала
A12: 11 | B12: Внутренние инженерные сети
A13: 11.10. | B13: Система пожарной сигнализации и система оповещения и управления эвакуацией людей при пожаре
B14: Огнестойкий кабель | C14: ОКЛ | D14: КПСнг(А)-FRLS 1х2х0,75 | E14: м | F14: 100 | H14: 100 | I14: 100 | J14: 100 | K14: 100 | N14: =SUM(F14:M14) -> 500 | P14: =O14*N14 -> 0
B15: Огнестойкий кабель | C15: ОКЛ | D15: КПСнг(А)-FRLS 1х2х1,0 | E15: м | F15: 2100 | G15: 1800 | H15: 2600 | I15: 2700 | J15: 3200 | K15: 2600 | L15: 1800 | M15: 1800 | N15: =SUM(F15:M15) -> 18600 | P15: =O15*N15 -> 0
B16: Огнестойкий кабель | C16: ОКЛ | D16: КПСнг(А)-FRLS 2х2х0,5 | E16: м | F16: 530 | G16: 400 | H16: 570 | I16: 440 | J16: 440 | K16: 1070 | L16: 400 | M16: 400 | N16: =SUM(F16:M16) -> 4250 | P16: =O16*N16 -> 0
B17: Огнестойкий кабель | C17: ОКЛ | D17: КПСЭнг(А)-FRLS 1х2х0,75 | E17: м | F17: 8300 | G17: 7000 | H17: 8800 | I17: 6300 | J17: 6800 | K17: 8800 | L17: 7000 | M17: 6000 | N17: =SUM(F17:M17) -> 59000 | P17: =O17*N17 -> 0
B18: Огнестойкий силовой (0,66 кВ) кабель | C18: ОКЛ | D18: ВВГнг(А)-FRLS 3х1,5 | E18: м | F18: 430 | G18: 400 | H18: 570 | I18: 440 | J18: 440 | K18: 570 | L18: 400 | M18: 400 | N18: =SUM(F18:M18) -> 3650 | P18: =O18*N18 -> 0
B19: Огнестойкий силовой (0,66 кВ) кабель | C19: ОКЛ | D19: ВВГнг(А)-FRLS 5х1,5 | E19: м | I19: 0 | K19: 100 | N19: =SUM(F19:M19) -> 100 | P19: =O19*N19 -> 0
B20: Огнестойкий кабель для СКС и IP-сетей | C20: ОКЛ | D20: F/UTP Cat5e PVCLS нг(А)-FRLSLTx 2х2х0,52 | E20: м | I20: 800 | K20: 800 | N20: =SUM(F20:M20) -> 1600 | P20: =O20*N20 -> 0
B21: Труба гофрированная 16мм FRHF с зондом легкая | C21: ОКЛ | E21: м | F21: 1000 | G21: 1000 | H21: 1000 | I21: 1000 | J21: 1000 | K21: 1000 | L21: 1000 | M21: 1000 | N21: =SUM(F21:M21) -> 8000 | P21: =O21*N21 -> 0
B22: Труба гофрированная 20мм FRHF с зондом легкая | C22: ОКЛ | E22: м | F22: 1400 | G22: 1000 | H22: 1400 | I22: 2200 | J22: 1400 | K22: 1400 | L22: 1000 | M22: 1000 | N22: =SUM(F22:M22) -> 10800 | P22: =O22*N22 -> 0
B23: Труба гофрированная 25мм FRHF с зондом легкая | C23: ОКЛ | E23: м | I23: 50 | J23: 50 | N23: =SUM(F23:M23) -> 100 | P23: =O23*N23 -> 0
B24: Труба жесткая гладкая, из самозатухающей композиции ПВХ, для ОКЛ | C24: ОКЛ | D24: D=50мм | E24: м | F24: 140 | G24: 120 | H24: 160 | I24: 120 | J24: 120 | K24: 160 | L24: 120 | M24: 120 | N24: =SUM(F24:M24) -> 1060 | P24: =O24*N24 -> 0
B25: Металлорука ф=20мм | C25: ОКЛ | E25: м | F25: 70 | G25: 60 | H25: 150 | I25: 60 | J25: 60 | K25: 150 | L25: 60 | M25: 60 | N25: =SUM(F25:M25) -> 670 | P25: =O25*N25 -> 0 | R25: Закуп подрядчика
B26: Металлорукав в ПВХ изоляции Р3-ЦП-Мр-НГ-20 (50м/уп) Промрукав | C26: ОКЛ | D26: PR04.0167 | E26: м | F26: 400 | G26: 400 | H26: 500 | I26: 400 | J26: 400 | K26: 500 | L26: 400 | M26: 400 | N26: =SUM(F26:M26) -> 3400 | P26: =O26*N26 -> 0 | R26: Закуп подрядчика
B27: Дюбель металлический | C27: ОКЛ | E27: шт | F27: 6200 | G27: 5000 | H27: 7200 | I27: 8600 | J27: 6200 | K27: 7200 | L27: 5000 | M27: 5000 | N27: =SUM(F27:M27) -> 50400 | P27: =O27*N27 -> 0 | R27: Закуп подрядчика
B28: Дюбель-хомут 041 (уп 100шт) 15х140 КФСТ.735322.041 | C28: ОКЛ | E28: упак | F28: 10 | G28: 10 | H28: 10 | I28: 10 | J28: 10 | K28: 10 | L28: 10 | M28: 10 | N28: =SUM(F28:M28) -> 80 | P28: =O28*N28 -> 0 | R28: Закуп подрядчика
B29: Коробка монтажная огнестойкая | C29: ОКЛ | D29: КМОМ (4к х 2.5мм) 75х75х37 IP31 | E29: шт. | F29: 200 | G29: 200 | H29: 200 | I29: 200 | J29: 200 | K29: 200 | L29: 200 | M29: 200 | N29: =SUM(F29:M29) -> 1600 | P29: =O29*N29 -> 0 | R29: Закуп подрядчика
B30: Огнестойкая пена | C30: ОКЛ | E30: шт | F30: 5 | G30: 5 | H30: 5 | I30: 5 | J30: 5 | K30: 5 | L30: 5 | M30: 5 | N30: =SUM(F30:M30) -> 40 | P30: =O30*N30 -> 0 | R30: Закуп подрядчика
B31: Саморез | C31: ОКЛ | E31: шт | F31: 6200 | G31: 5000 | H31: 7200 | I31: 8600 | J31: 6200 | K31: 7200 | L31: 5000 | M31: 5000 | N31: =SUM(F31:M31) -> 50400 | P31: =O31*N31 -> 0 | R31: Закуп подрядчика
B32: Скоба однолапковая 16мм | C32: ОКЛ | E32: шт | F32: 3000 | G32: 3000 | H32: 3000 | I32: 3000 | J32: 3000 | K32: 3000 | L32: 3000 | M32: 3000 | N32: =SUM(F32:M32) -> 24000 | P32: =O32*N32 -> 0 | R32: Закуп подрядчика
B33: Скоба однолапковая 20мм | C33: ОКЛ | E33: шт | F33: 4200 | G33: 3000 | H33: 4200 | I33: 6600 | J33: 4200 | K33: 4200 | L33: 3000 | M33: 3000 | N33: =SUM(F33:M33) -> 32400 | P33: =O33*N33 -> 0 | R33: Закуп подрядчика
B34: Скоба однолапковая 25мм | C34: ОКЛ | E34: шт | I34: 150 | J34: 150 | N34: =SUM(F34:M34) -> 300 | P34: =O34*N34 -> 0 | R34: Закуп подрядчика
B35: Скоба однолапковая 50мм | C35: ОКЛ | E35: шт | F35: 500 | G35: 500 | H35: 600 | I35: 500 | J35: 500 | K35: 600 | L35: 500 | M35: 500 | N35: =SUM(F35:M35) -> 4200 | P35: =O35*N35 -> 0 | R35: Закуп подрядчика
B36: Аккумуляторная батарея 12В, 12А/ч | C36: ЗАО «Теко» | E36: шт. | F36: 2 | G36: 2 | I36: 4 | J36: 2 | L36: 2 | M36: 2 | N36: =SUM(F36:M36) -> 14 | P36: =O36*N36 -> 0 | R36: Закуп подрядчика
B37: Аккумуляторная батарея 12В, 17А/ч | C37: ЗАО «Теко» | E37: шт. | F37: 2 | G37: 4 | H37: 4 | I37: 6 | J37: 4 | K37: 4 | L37: 4 | M37: 4 | N37: =SUM(F37:M37) -> 32 | P37: =O37*N37 -> 0 | R37: Закуп подрядчика
B38: Аккумуляторная батарея 12В, 26А/ч | C38: ЗАО «Теко» | E38: шт. | G38: 2 | H38: 4 | I38: 2 | J38: 2 | K38: 4 | L38: 2 | M38: 2 | N38: =SUM(F38:M38) -> 18 | P38: =O38*N38 -> 0 | R38: Закуп подрядчика
B39: Аккумуляторная батарея 12В, 40А/ч | C39: ЗАО «Теко» | E39: шт. | F39: 2 | N39: =SUM(F39:M39) -> 2 | P39: =O39*N39 -> 0 | R39: Закуп подрядчика
B40: Аккумуляторная батарея 12В, 4А/ч | C40: ЗАО «Теко» | E40: шт. | F40: 3 | H40: 4 | I40: 2 | J40: 2 | K40: 4 | N40: =SUM(F40:M40) -> 15 | P40: =O40*N40 -> 0 | R40: Закуп подрядчика
B41: Аккумуляторная батарея 12В, 26А/ч | D41: SKAT SB 1226 | E41: шт | F41: 2 | G41: 2 | I41: 2 | J41: 2 | L41: 2 | M41: 2 | N41: =SUM(F41:M41) -> 12 | P41: =O41*N41 -> 0 | R41: Закуп подрядчика
B42: Аккумуляторная батарея 12В, 40А/ч | D42: SKAT SB 1226 | E42: шт | H42: 2 | K42: 2 | N42: =SUM(F42:M42) -> 4 | P42: =O42*N42 -> 0 | R42: Закуп подрядчика
B43: Громкоговоритель трансляционный настенный, 10/5 Вт | C43: ТД «Рубеж» | D43: SWP-110 | E43: шт. | F43: 48 | G43: 40 | H43: 50 | I43: 39 | J43: 39 | K43: 50 | L43: 40 | M43: 36 | N43: =SUM(F43:M43) -> 342 | P43: =O43*N43 -> 0 | R43: Закуп подрядчика
B44: Громкоговоритель трансляционный настенный, 6/3/1,5 Вт | C44: ТД «Рубеж» | D44: SWP-106 | E44: шт. | F44: 47 | G44: 39 | H44: 49 | I44: 39 | J44: 39 | K44: 49 | L44: 39 | M44: 35 | N44: =SUM(F44:M44) -> 336 | P44: =O44*N44 -> 0 | R44: Закуп подрядчика
B45: Извещатель охранный магнитоуправляемый адресный | C45: ТД «Рубеж» | D45: ИО 10220-2 | E45: шт. | F45: 46 | G45: 38 | H45: 48 | I45: 38 | J45: 38 | K45: 48 | L45: 38 | M45: 36 | N45: =SUM(F45:M45) -> 330 | P45: =O45*N45 -> 0 | R45: Закуп подрядчика
B46: Извещатель пожарный дымовой оптико-электронный адресно-аналоговый | C46: ТД «Рубеж» | D46: ИП 212-64-R3 W1.02 | E46: шт. | F46: 794 | G46: 661 | H46: 817 | I46: 494 | J46: 494 | K46: 702 | L46: 660 | M46: 589 | N46: =SUM(F46:M46) -> 5211 | P46: =O46*N46 -> 0 | R46: Закуп подрядчика
B47: Извещатель пожарный ручной адресный | C47: ТД «Рубеж» | D47: ИПР 513-11ИКЗ-А-R3 | E47: шт. | F47: 54 | G47: 41 | H47: 56 | I47: 45 | J47: 45 | K47: 57 | L47: 41 | M47: 39 | N47: =SUM(F47:M47) -> 378 | P47: =O47*N47 -> 0 | R47: Закуп подрядчика
B48: Устройство дистанционного пуска адресное | C48: ООО Рубеж | D48: УДП 513-11 ИКЗ-R3 "Пуск дымоудаления" | E48: шт. | F48: 24 | G48: 38 | H48: 47 | I48: 19 | J48: 19 | K48: 47 | L48: 37 | M48: 35 | N48: =SUM(F48:M48) -> 266 | P48: =O48*N48 -> 0 | R48: Закуп подрядчика
B49: Устройство дистанционного пуска адресное | C49: ООО Рубеж | D49: УДП 513-11 ИКЗ-R3 "Пуск пожаротушения" | E49: шт. | F49: 27 | G49: 38 | H49: 51 | I49: 21 | J49: 21 | K49: 51 | L49: 37 | M49: 35 | N49: =SUM(F49:M49) -> 281 | P49: =O49*N49 -> 0 | R49: Закуп подрядчика
B50: Бокс БР12 исп. 2x40 с АКБ 2х26 | C50: ТД «Рубеж» | E50: шт. | G50: 1 | H50: 2 | I50: 1 | J50: 1 | K50: 2 | L50: 1 | M50: 1 | N50: =SUM(F50:M50) -> 9 | P50: =O50*N50 -> 0 | R50: Закуп подрядчика
B51: Бокс БР12 исп. 2х17 | C51: ТД «Рубеж» | E51: шт. | G51: 1 | I51: 2 | J51: 1 | L51: 1 | M51: 1 | N51: =SUM(F51:M51) -> 6 | P51: =O51*N51 -> 0 | R51: Закуп подрядчика
B52: Бокс БР12 исп. 2х40 | C52: ТД «Рубеж» | E52: шт. | F52: 1 | N52: =SUM(F52:M52) -> 1 | P52: =O52*N52 -> 0 | R52: Закуп подрядчика
B53: Бокс под 2 АКБ 12В 40Ач | C53: ТД «Рубеж» | D53: Sonar SPM-Box | E53: шт. | F53: 1 | G53: 1 | H53: 1 | I53: 1 | J53: 1 | K53: 1 | L53: 1 | M53: 1 | N53: =SUM(F53:M53) -> 8 | P53: =O53*N53 -> 0 | R53: Закуп подрядчика
B54: Автономный дымовой пожарный извещатель | C54: ТД «Рубеж» | D54: ИП 212-50М2 | E54: шт. | F54: 670 | G54: 553 | H54: 684 | I54: 430 | J54: 430 | K54: 684 | L54: 562 | M54: 502 | N54: =SUM(F54:M54) -> 4515 | P54: =O54*N54 -> 0 | R54: Закуп подрядчика
B55: Адресная метка | C55: ТД «Рубеж» | D55: АМ-1 прот.R3 | E55: шт. | F55: 1 | G55: 1 | H55: 1 | I55: 1 | J55: 1 | K55: 1 | L55: 1 | M55: 1 | N55: =SUM(F55:M55) -> 8 | P55: =O55*N55 -> 0 | R55: Закуп подрядчика
B56: Адресная метка | C56: ТД «Рубеж» | D56: АМ-1-R3 | E56: шт. | F56: 3 | H56: 4 | I56: 2 | J56: 2 | K56: 4 | N56: =SUM(F56:M56) -> 15 | P56: =O56*N56 -> 0 | R56: Закуп подрядчика
B57: Адресная метка | C57: ТД «Рубеж» | D57: АМ-4 прот.R3 | E57: шт. | F57: 2 | K57: 9 | N57: =SUM(F57:M57) -> 11 | P57: =O57*N57 -> 0 | R57: Закуп подрядчика
B58: Блок индикации и управления | C58: ТД «Рубеж» | D58: R3-Рубеж-БИУ | E58: шт. | F58: 2 | G58: 2 | H58: 2 | I58: 3 | J58: 2 | K58: 2 | L58: 2 | M58: 2 | N58: =SUM(F58:M58) -> 17 | P58: =O58*N58 -> 0 | R58: Закуп подрядчика
B59: Знак-наклейка светонакопительный (люминесцентный) "Кнопка включения установок (систем) | C59: ГОСТ Р 12.2.143-2009 | D59: пожарной автоматики" | E59: шт. | F59: 46 | G59: 38 | H59: 47 | I59: 18 | J59: 18 | K59: 47 | L59: 38 | M59: 34 | N59: =SUM(F59:M59) -> 286 | P59: =O59*N59 -> 0 | R59: Закуп подрядчика
B60: Знак-наклейка светонакопительный (люминесцентный) "ПОЖАРНЫЙ ГИДРАНТ" | C60: ГОСТ Р 12.2.143-2009 | E60: шт. | F60: 49 | G60: 38 | H60: 51 | I60: 20 | J60: 20 | K60: 51 | L60: 38 | M60: 34 | N60: =SUM(F60:M60) -> 301 | P60: =O60*N60 -> 0 | R60: Закуп подрядчика
B61: Изолятор линии униполярный | C61: ТД «Рубеж» | D61: Рубеж ИЗ-1 прот.R3 | E61: шт. | F61: 193 | G61: 181 | H61: 221 | I61: 102 | J61: 102 | K61: 222 | L61: 179 | M61: 168 | N61: =SUM(F61:M61) -> 1368 | P61: =O61*N61 -> 0 | R61: Закуп подрядчика
B62: Источник вторичного электропитания резервированный | C62: ТД «Рубеж» | D62: ИВЭПР 12/1.2 исп. 1х4 | E62: шт. | F62: 3 | H62: 4 | I62: 2 | J62: 2 | K62: 4 | N62: =SUM(F62:M62) -> 15 | P62: =O62*N62 -> 0 | R62: Закуп подрядчика
B63: Источник вторичного электропитания резервированный | C63: ТД «Рубеж» | D63: ИВЭПР 12/2 RS-R3 2х17 БР | E63: шт. | F63: 1 | N63: =SUM(F63:M63) -> 1 | P63: =O63*N63 -> 0 | R63: Закуп подрядчика
B64: Источник вторичного электропитания резервированный | C64: ТД «Рубеж» | D64: ИВЭПР 12/2 исп. 2х12-P-БР | E64: шт. | G64: 1 | I64: 2 | J64: 1 | L64: 1 | M64: 1 | N64: =SUM(F64:M64) -> 6 | P64: =O64*N64 -> 0 | R64: Закуп подрядчика
B65: Источник вторичного электропитания резервированный | C65: ТД «Рубеж» | D65: ИВЭПР 12/3,5 RS-R3 2х12 БР | E65: шт. | F65: 1 | N65: =SUM(F65:M65) -> 1 | P65: =O65*N65 -> 0 | R65: Закуп подрядчика
B66: Источник вторичного электропитания резервированный | C66: ТД «Рубеж» | D66: ИВЭПР 12/3.5 исп. 2х17-Р-БР | E66: шт. | G66: 1 | H66: 2 | I66: 1 | J66: 1 | K66: 2 | L66: 1 | M66: 1 | N66: =SUM(F66:M66) -> 9 | P66: =O66*N66 -> 0 | R66: Закуп подрядчика
B67: Канальный датчик температуры | D67: NTC10 кОм | E67: шт. | F67: 1 | G67: 1 | H67: 1 | I67: 1 | J67: 1 | K67: 1 | L67: 1 | M67: 1 | N67: =SUM(F67:M67) -> 8 | P67: =O67*N67 -> 0 | R67: Закуп подрядчика
B68: Кожух для моноблоков серии SPM настенного исполнения | C68: ТД «Рубеж» | D68: Sonar SPM-Cover | E68: шт. | F68: 1 | G68: 1 | H68: 1 | I68: 1 | J68: 1 | K68: 1 | L68: 1 | M68: 1 | N68: =SUM(F68:M68) -> 8 | P68: =O68*N68 -> 0 | R68: Закуп подрядчика
B69: Модуль сопряжения | C69: ТД «Рубеж» | D69: R3-МС | E69: шт. | F69: 1 | G69: 1 | H69: 1 | I69: 1 | J69: 1 | K69: 1 | L69: 1 | M69: 1 | N69: =SUM(F69:M69) -> 8 | P69: =O69*N69 -> 0 | R69: Закуп подрядчика
B70: Модуль сопряжения преобразователь интерфейса | C70: ТД «Рубеж» | D70: МС-E | E70: шт. | H70: 1 | K70: 1 | N70: =SUM(F70:M70) -> 2 | P70: =O70*N70 -> 0 | R70: Закуп подрядчика
B71: Модуль управления клапаном дымоудаления или огнезадерживающим клапаном | C71: ТД «Рубеж» | D71: МДУ-1 прот.R3 | E71: шт. | F71: 8 | H71: 6 | I71: 4 | J71: 4 | K71: 7 | N71: =SUM(F71:M71) -> 29 | P71: =O71*N71 -> 0 | R71: Закуп подрядчика
B72: Модуль управления клапаном дымоудаления или огнезадерживающим клапаном | C72: ТД «Рубеж» | D72: МДУ-1С-R3 | E72: шт. | F72: 160 | G72: 133 | H72: 166 | I72: 134 | J72: 134 | K72: 191 | L72: 132 | M72: 119 | N72: =SUM(F72:M72) -> 1169 | P72: =O72*N72 -> 0 | R72: Закуп подрядчика
B73: Моноблок системы оповещения 500Вт | C73: ТД «Рубеж» | D73: Sonar SPM-B10050-AW | E73: шт. | F73: 1 | G73: 1 | H73: 1 | I73: 1 | J73: 1 | K73: 1 | L73: 1 | M73: 1 | N73: =SUM(F73:M73) -> 8 | P73: =O73*N73 -> 0 | R73: Закуп подрядчика
B74: Оповещатель охранно-пожарный звуковой | C74: ТД «Рубеж» | D74: ОПОП 2-35 12В (сирена) | E74: шт. | F74: 8 | G74: 6 | H74: 12 | I74: 8 | J74: 8 | K74: 12 | L74: 6 | M74: 3 | N74: =SUM(F74:M74) -> 63 | P74: =O74*N74 -> 0 | R74: Закуп подрядчика
B75: Оповещатель охранно-пожарный световой "ВЫХОД" | C75: ТД «Рубеж» | D75: ОПОП 1-R3 | E75: шт. | F75: 52 | G75: 40 | H75: 55 | I75: 42 | J75: 42 | K75: 56 | L75: 40 | M75: 38 | N75: =SUM(F75:M75) -> 365 | P75: =O75*N75 -> 0 | R75: Закуп подрядчика
B76: Оповещатель охранно-пожарный световой "СТРЕЛКА" | C76: ТД «Рубеж» | D76: ОПОП 1-R3 | E76: шт. | F76: 23 | G76: 19 | H76: 24 | I76: 18 | J76: 18 | K76: 24 | L76: 19 | M76: 18 | N76: =SUM(F76:M76) -> 163 | P76: =O76*N76 -> 0 | R76: Закуп подрядчика
B77: Прибор приемно-контрольный и управления охранно-пожарный адреcный | C77: ТД «Рубеж» | D77: ППКОПУ «R3-РУБЕЖ-2ОП» | E77: шт. | F77: 3 | G77: 3 | H77: 4 | I77: 4 | J77: 3 | K77: 4 | L77: 3 | M77: 3 | N77: =SUM(F77:M77) -> 27 | P77: =O77*N77 -> 0 | R77: Закуп подрядчика
B78: Реле контроля температуры с датчиком РЕЛЕОН жк дисплей 1NO конт. 16а=24-240в A RC3110240 | D78: 1 | E78: шт. | F78: 1 | G78: 1 | H78: 1 | I78: 1 | J78: 1 | K78: 1 | L78: 1 | M78: 1 | N78: =SUM(F78:M78) -> 8 | P78: =O78*N78 -> 0 | R78: Закуп подрядчика
B79: Релейный модуль | C79: ТД «Рубеж» | D79: РМ-1 прот.R3 | E79: шт. | F79: 7 | G79: 6 | H79: 7 | I79: 6 | J79: 6 | K79: 7 | L79: 6 | M79: 6 | N79: =SUM(F79:M79) -> 51 | P79: =O79*N79 -> 0 | R79: Закуп подрядчика
B80: Релейный модуль с контролем целостности линий | C80: ТД «Рубеж» | D80: РМ-4К прот.R3 | E80: шт. | F80: 4 | G80: 1 | H80: 5 | I80: 3 | J80: 3 | K80: 5 | L80: 1 | M80: 1 | N80: =SUM(F80:M80) -> 23 | P80: =O80*N80 -> 0 | R80: Закуп подрядчика
B81: Устройство коммутационное | C81: Радий | D81: УК-ВК/03 | E81: шт. | F81: 1 | G81: 1 | H81: 1 | I81: 1 | J81: 1 | K81: 3 | L81: 1 | M81: 1 | N81: =SUM(F81:M81) -> 10 | P81: =O81*N81 -> 0 | R81: Закуп подрядчика
B82: Фильтр оконечный для трансл. линии при контроле линии переменным током | C82: ТД «Рубеж» | D82: Sonar SFT-2300-М | E82: шт. | F82: 6 | G82: 5 | H82: 6 | I82: 5 | J82: 5 | K82: 6 | L82: 5 | M82: 6 | N82: =SUM(F82:M82) -> 44 | P82: =O82*N82 -> 0 | R82: Закуп подрядчика
B83: Шкаф управления задвижкой | C83: ТД «Рубеж» | D83: ШУЗ-1.1-01- R3 IP54 | E83: шт. | K83: 2 | N83: =SUM(F83:M83) -> 2 | P83: =O83*N83 -> 0 | R83: Закуп подрядчика
B84: Шкаф управления пожарный | C84: ТД «Рубеж» | D84: ШУВ-11-03-R3 | E84: шт. | J84: 1 | N84: 1 | P84: =O84*N84 -> 0 | Q84: ВД-5.1 | R84: Закуп подрядчика
B85: Шкаф управления пожарный | C85: ТД «Рубеж» | D85: ШУВ-11-03-R3 | E85: шт. | L85: 1 | N85: 1 | P85: =O85*N85 -> 0 | Q85: ВД-7.1 | R85: Закуп подрядчика
B86: Шкаф управления пожарный | C86: ТД «Рубеж» | D86: ШУВ-11-03-R3 | E86: шт. | N86: 1 | P86: =O86*N86 -> 0 | Q86: ДВ1/В1 | R86: Закуп подрядчика
B87: Шкаф управления пожарный | C87: ТД «Рубеж» | D87: ШУВ-11-03-R3 | E87: шт. | N87: 1 | P87: =O87*N87 -> 0 | Q87: ДВ2/В2 | R87: Закуп подрядчика
B88: Шкаф управления пожарный | C88: ТД «Рубеж» | D88: ШУВ-11-03-R3 | E88: шт. | F88: 2 | N88: 2 | P88: =O88*N88 -> 0 | Q88: ПД-1.4.1, ПД-1.3 | R88: Закуп подрядчика
B89: Шкаф управления пожарный | C89: ТД «Рубеж» | D89: ШУВ-11-03-R3 | E89: шт. | G89: 2 | N89: 2 | P89: =O89*N89 -> 0 | Q89: ПД-2.4.1, ПД-2.3 | R89: Закуп подрядчика
B90: Шкаф управления пожарный | C90: ТД «Рубеж» | D90: ШУВ-11-03-R3 | E90: шт. | H90: 2 | N90: 2 | P90: =O90*N90 -> 0 | Q90: ПД-3.4.1, ПД-3.3 | R90: Закуп подрядчика
B91: Шкаф управления пожарный | C91: ТД «Рубеж» | D91: ШУВ-11-03-R3 | E91: шт. | I91: 2 | N91: 2 | P91: =O91*N91 -> 0 | Q91: ПД-4.3, ПД-4.4.1 | R91: Закуп подрядчика
B92: Шкаф управления пожарный | C92: ТД «Рубеж» | D92: ШУВ-11-03-R3 | E92: шт. | J92: 2 | N92: 2 | P92: =O92*N92 -> 0 | Q92: ПД-5.3, ПД-5.4.1 | R92: Закуп подрядчика
B93: Шкаф управления пожарный | C93: ТД «Рубеж» | D93: ШУВ-11-03-R3 | E93: шт. | K93: 1 | N93: 1 | P93: =O93*N93 -> 0 | Q93: ПД-6.4.1 | R93: Закуп подрядчика
B94: Шкаф управления пожарный | C94: ТД «Рубеж» | D94: ШУВ-11-03-R3 | E94: шт. | L94: 2 | N94: 2 | P94: =O94*N94 -> 0 | Q94: ПД-7.3, ПД-7.4.1 | R94: Закуп подрядчика
B95: Шкаф управления пожарный | C95: ТД «Рубеж» | D95: ШУВ-11-03-R3 | E95: шт. | M95: 2 | N95: 2 | P95: =O95*N95 -> 0 | Q95: ПД-8.4.1, ПД-8.3 | R95: Закуп подрядчика
B96: Шкаф управления пожарный | C96: ТД «Рубеж» | D96: ШУВ-5,5-03-R3 | E96: шт. | N96: 2 | P96: =O96*N96 -> 0 | Q96: ДП1, ДП2 | R96: Закуп подрядчика
B97: Шкаф управления пожарный | C97: ТД «Рубеж» | D97: ШУВ-5,5-03-R3 | E97: шт. | N97: 4 | P97: =O97*N97 -> 0 | Q97: ДП3, ДП4, ДП7,ДП8 | R97: Закуп подрядчика
B98: Шкаф управления пожарный | C98: ТД «Рубеж» | D98: ШУВ-5,5-03-R3 | E98: шт. | F98: 2 | N98: 2 | P98: =O98*N98 -> 0 | Q98: ПД-1.1, ПД-1.2 | R98: Закуп подрядчика
B99: Шкаф управления пожарный | C99: ТД «Рубеж» | D99: ШУВ-5,5-03-R3 | E99: шт. | G99: 2 | N99: 2 | P99: =O99*N99 -> 0 | Q99: ПД-2.1, ПД-2.2 | R99: Закуп подрядчика
B100: Шкаф управления пожарный | C100: ТД «Рубеж» | D100: ШУВ-5,5-03-R3 | E100: шт. | H100: 2 | N100: 2 | P100: =O100*N100 -> 0 | Q100: ПД-3.1, ПД-3.2 | R100: Закуп подрядчика
B101: Шкаф управления пожарный | C101: ТД «Рубеж» | D101: ШУВ-5,5-03-R3 | E101: шт. | I101: 2 | N101: 2 | P101: =O101*N101 -> 0 | Q101: ПД-4.1, ПД-4.2 | R101: Закуп подрядчика
B102: Шкаф управления пожарный | C102: ТД «Рубеж» | D102: ШУВ-5,5-03-R3 | E102: шт. | J102: 2 | N102: 2 | P102: =O102*N102 -> 0 | Q102: ПД-5.1, ПД-5.2 | R102: Закуп подрядчика
...
